 Dungeon Crawl Stone Soup version 0.31-a0-523-g071a6c1ffa (console) character file.

Game seed: 12495870751479778151

18572 jejorda2 the Cleaver (level 12, -2/145 HPs)
             Began as a Gnoll Berserker on Aug 11, 2023.
             Was a High Priest of Trog.
             Killed from afar by a fire giant (17 damage)
             ... with a fireball
             ... on level 10 of the Dungeon.
             The game lasted 00:29:34 (10541 turns).

jejorda2 the Cleaver (Gnoll Berserker)             Turns: 10541, Time: 00:29:35

Health: -2/145     AC: 24    Str: 22    XL:     12   Next: 59%
Magic:  23/23      EV:  6    Int:  6    God:    Trog [*****.]
Gold:   151        SH:  5    Dex: 12    Spells: 25/25 levels left

rFire   + . .        a - +9 broad axe (spect)
rCold   + . .        F - +0 buckler
rNeg    . . .        M - +0 crystal plate armour
rPois   .            h - +0 helmet
rElec   .            C - scarf {rC+ rF+}
rCorr   +            (no gloves)
SInv    .            l - +2 pair of boots
Will    .....        j - amulet of faith Stlth
                     o - ring of resist corrosion
HPRegen 0.44/turn    H - +4 ring of slaying
MPRegen 0.18/turn

%: faith
@: berserking, very quick
A: fangs 1, strong nose, distributed training
a: Renounce Religion, Berserk, Trog's Hand, Brothers in Arms


You were on level 10 of the Dungeon.
You worshipped Trog.
Trog was extremely pleased with you.
You visited 1 branch of the dungeon, and saw 10 of its levels.
You also visited: Bailey.

You collected 1333 gold pieces.
You spent 1182 gold pieces at shops.

Inventory:

Hand Weapons
 a - a +9 spectral broad axe (weapon)
 b - a +2 morningstar of freezing
Missiles
 e - 13 boomerangs
 f - 26 poisoned darts (quivered)
 q - 2 atropa-tipped darts
 z - 2 throwing nets
Armour
 h - a +0 helmet (worn)
 l - a +2 pair of boots (worn)
 y - the +0 cloak of the Ten Knives {SInv}
   (You found it on level 5 of the Dungeon)

   SInv:      It lets you see invisible.
 C - a scarf of resistance (worn)
 F - a +0 buckler (worn)
 G - +0 swamp dragon scales
 M - a +0 crystal plate armour (worn)
Jewellery
 j - an amulet of faith (around neck)
 o - a ring of resist corrosion (left hand)
 u - a ring of positive energy
 A - a ring of protection from fire
 H - a +4 ring of slaying (right hand)
Wands
 m - a wand of mindburst (20)
 p - a wand of paralysis (3)
 s - a wand of iceblast (3)
Scrolls
 c - a scroll of torment {unknown}
 d - 5 scrolls of teleportation
 v - 2 scrolls of poison
Potions
 i - 7 potions of curing
 k - 2 potions of lignification
 n - 2 potions of brilliance
 r - 10 potions of degeneration
 t - 4 potions of haste
 w - 3 potions of resistance
 x - 2 potions of enlightenment
 E - 2 potions of invisibility
 I - 2 potions of mutation
 J - 2 potions of magic
 K - a potion of might
Miscellaneous
 B - a sack of spiders
 D - a tin of tremorstones (2/2)


   Skills:
 + Level 10.0 Fighting
 + Level 7.4 Short Blades
 + Level 7.4 Long Blades
 + Level 10.0 Axes
 + Level 7.4 Maces & Flails
 + Level 7.4 Polearms
 + Level 7.4 Staves
 + Level 7.4 Ranged Weapons
 + Level 7.4 Throwing
 + Level 8.8 Armour
 + Level 8.8 Dodging
 + Level 7.4 Stealth
 + Level 7.4 Shields
 + Level 7.4 Unarmed Combat
 + Level 7.4 Spellcasting
 + Level 6.2 Conjurations
 + Level 6.2 Hexes
 + Level 6.2 Summonings
 + Level 6.2 Necromancy
 + Level 6.2 Translocations
 + Level 6.2 Transmutations
 + Level 6.2 Fire Magic
 + Level 6.2 Ice Magic
 + Level 6.2 Air Magic
 + Level 6.2 Earth Magic
 + Level 6.2 Poison Magic
 + Level 8.1 Invocations
 + Level 7.4 Evocations
 + Level 6.2 Shapeshifting


You had 25 spell levels left.
You didn't know any spells.
Your spell library was empty.

Dungeon Overview and Level Annotations

Branches:
Dungeon (10/15)            Temple (0/1) D:7            Lair (0/5) D:8
 Bailey (visited)
    Orc: D:9-12

Altars:
Kikubaaqudgha
Ru
Trog
Uskayaw
Xom
Yredelemnul

Shops:
D:4 (=   D:9 ***


Innate Abilities, Weirdness & Mutations

You have very sharp teeth.
Your uncanny sense of smell can sniff out nearby items.
Your experience applies equally to all skills.


Message History

You open the door.
There is an open door here.
A fire giant comes into view.
It is wielding a +1 great sword of flaming.
The fire giant shouts!
The fire giant casts a spell at you.
The fireball explodes!
The fireball engulfs you. You resist.
The fireball engulfs the fire giant.
The fire giant resists.
You hit the fire giant but do no damage.
The fire giant is lightly wounded.
Your +9 spectral broad axe hits the fire giant but does no damage.
The fire giant hits you with a +1 great sword of flaming!!
The fire giant burns you.
You completely miss the fire giant.
The fire giant is lightly wounded.
Your +9 spectral broad axe hits the fire giant.
The fire giant hits you but does no damage.
The fire giant casts a spell at you. The bolt of fire hits you!! You resist.
You hit the fire giant.
The fire giant is lightly wounded.
Your +9 spectral broad axe completely misses the fire giant.
The fire giant hits you with a +1 great sword of flaming.
The fire giant burns you.
You slash the fire giant!
The fire giant is moderately wounded.
Your +9 spectral broad axe hits the fire giant.
The fire giant hits you with a +1 great sword of flaming!!
* * * LOW HITPOINT WARNING * * *
You hit the fire giant.
The fire giant is moderately wounded.
Your +9 spectral broad axe barely misses the fire giant.
The fire giant hits you with a +1 great sword of flaming.
* * * LOW HITPOINT WARNING * * *
Okay, then.
A red film seems to cover your vision as you go berserk!
You feel yourself moving faster!
You feel mighty!
Your +9 spectral broad axe disappears.
The fire giant casts a spell at you.
The fireball explodes!
The fireball engulfs you! You resist.
You die...

.## #...# .#.........<......# ##
######.#####................# #
..# ......................##
#..## ..............######....
....# ..............#....'....
.####..................#....#....
................!......#....#....
....#..................#....#....
..###..........C@......#....#....
#...#..................#....#....
#.#.#..................#....#....
#####..........#####...####+#....
...............# #.............
...............# #.............
...............# #.............
...............# #.............
...............# #.............


You could see a fire giant.

Vanquished Creatures
  Fannar (D:10)
  The ghost of arthad the Firebug, a novice DsFE of Vehumet (D:8)
  An orc knight (Bailey)
  A wolf spider (D:10)
  A komodo dragon (D:10)
  A troll (D:8)
  A vampire (D:10)
  A wraith (D:10)
  10 yaks
  A wyvern (D:8)
  A basilisk (D:8)
  Grum (D:8)
  2 steam dragons
  A water moccasin (D:9)
  11 orc warriors
  A sky beast (D:7)
  2 ice beasts
  A black bear (D:8)
  3 wolves (D:8)
  2 ogres
  3 centaurs
  2 kobold brigands
  Blork the orc (D:5)
  2 gnoll sergeants (D:7)
  3 bullfrogs
  2 scorpions
  10 wights
  12 killer bees
  An electric eel (D:7)
  3 howler monkeys
  7 orc priests
  2 gnoll boudas
  3 hounds
  3 jellies
  9 iguanas
  A sleepcap (D:8)
  Terence (D:3)
  10 orc wizards
  22 gnolls
  10 adders
  A white imp (D:5)
  An ufetubus (D:5)
  A worm (D:2)
  A dart slug (D:4)
  53 orcs
  4 endoplasms
  3 giant cockroaches
  8 hobgoblins
  13 jackals
  4 quokkas
  6 ball pythons
  7 bats
  3 frilled lizards
  7 goblins
  19 kobolds
  8 rats
  A butterfly (D:7)
291 creatures vanquished.

Vanquished Creatures (collateral kills)
  An orc knight (Bailey)
  Maggie (D:10)
  An orc warrior (Bailey)
  6 killer bees (D:10)
  2 howler monkeys (D:10)
  2 orcs
13 creatures vanquished.

Vanquished Creatures (others)
  An orc (D:6)
1 creature vanquished.

Grand Total: 305 creatures vanquished

Notes
Turn   | Place    | Note
-------+----------+-------------------------------------------
     0 | D:1      | jejorda2 the Gnoll Berserker began the quest for the Orb.
     0 | D:1      | Reached XP level 1. HP: 23/23 MP: 1/1
   168 | D:1      | Reached XP level 2. HP: 28/29 MP: 2/2
   944 | D:2      | Reached XP level 3. HP: 35/35 MP: 3/3
  1027 | D:2      | Reached ** piety under Trog
  1146 | D:2      | Reached skill level 1 in Invocations
  1314 | D:2      | Reached skill level 1 in Short Blades
  1314 | D:2      | Reached skill level 1 in Long Blades
  1314 | D:2      | Reached skill level 1 in Maces & Flails
  1314 | D:2      | Reached skill level 1 in Polearms
  1314 | D:2      | Reached skill level 1 in Staves
  1314 | D:2      | Reached skill level 1 in Ranged Weapons
  1314 | D:2      | Reached skill level 1 in Throwing
  1314 | D:2      | Reached skill level 1 in Stealth
  1314 | D:2      | Reached skill level 1 in Shields
  1314 | D:2      | Reached skill level 1 in Unarmed Combat
  1314 | D:2      | Reached skill level 1 in Spellcasting
  1314 | D:2      | Reached skill level 1 in Evocations
  1595 | D:2      | Reached XP level 4. HP: 41/41 MP: 5/5
  2028 | D:3      | Noticed Terence
  2034 | D:3      | Killed Terence
  2035 | D:3      | Reached skill level 1 in Conjurations
  2035 | D:3      | Reached skill level 1 in Hexes
  2035 | D:3      | Reached skill level 1 in Summonings
  2035 | D:3      | Reached skill level 1 in Necromancy
  2035 | D:3      | Reached skill level 1 in Translocations
  2035 | D:3      | Reached skill level 1 in Transmutations
  2035 | D:3      | Reached skill level 1 in Fire Magic
  2035 | D:3      | Reached skill level 1 in Ice Magic
  2035 | D:3      | Reached skill level 1 in Air Magic
  2035 | D:3      | Reached skill level 1 in Earth Magic
  2035 | D:3      | Reached skill level 1 in Poison Magic
  2035 | D:3      | Reached skill level 1 in Shapeshifting
  2084 | D:3      | Reached XP level 5. HP: 47/47 MP: 5/7
  2681 | D:4      | Reached *** piety under Trog
  2796 | D:4      | Reached XP level 6. HP: 53/53 MP: 8/8
  2869 | D:4      | Reached skill level 5 in Armour
  2869 | D:4      | Reached skill level 5 in Dodging
  2971 | D:4      | Found a bloodstained altar of Trog.
  3128 | D:4      | Found an ancient bone altar of Kikubaaqudgha.
  3396 | D:4      | Found Honixt's Jewellery Emporium.
  3397 | D:4      | Found Unet's Antique Weapon Boutique.
  3559 | D:4      | Reached XP level 7. HP: 60/60 MP: 10/10
  3630 | D:5      | Entered Level 5 of the Dungeon
  3883 | D:5      | Noticed Blork the orc
  3896 | D:5      | Killed Blork the orc
  4003 | D:5      | Identified the +0 cloak of the Ten Knives {SInv}
  4479 | D:6      | Identified a scroll of acquirement
  4479 | D:6      | Acquired 765 gold pieces
  4526 | D:4      | Bought an ichor-stained battleaxe for 287 gold pieces
  4526 | D:4      | Identified the +7 battleaxe "Janoaraps" {heavy, Str+3} (You
                  | bought it in a shop on level 4 of the Dungeon)
  4551 | D:4      | Bought an amulet of faith for 400 gold pieces
  4611 | D:6      | Noticed a steam dragon
  4621 | D:6      | Killed a steam dragon
  4622 | D:6      | Reached XP level 8. HP: 67/67 MP: 12/12
  5065 | D:6      | Reached **** piety under Trog
  5402 | D:6      | Identified the staff "Goot" {rN+ Str+4 Dex+2 Necro}
  5411 | D:6      | Reached XP level 9. HP: 73/73 MP: 14/14
  6274 | D:7      | Found a sacrificial altar of Ru.
  6471 | D:7      | Found a staircase to the Ecumenical Temple.
  6717 | D:7      | Reached skill level 5 in Invocations
  6788 | D:8      | Found a staircase to the Lair.
  6870 | D:8      | Reached XP level 10. HP: 80/80 MP: 17/17
  6983 | D:8      | Reached skill level 5 in Short Blades
  6983 | D:8      | Reached skill level 5 in Long Blades
  6983 | D:8      | Reached skill level 5 in Maces & Flails
  6983 | D:8      | Reached skill level 5 in Polearms
  6983 | D:8      | Reached skill level 5 in Staves
  6983 | D:8      | Reached skill level 5 in Ranged Weapons
  6983 | D:8      | Reached skill level 5 in Throwing
  6983 | D:8      | Reached skill level 5 in Stealth
  6983 | D:8      | Reached skill level 5 in Shields
  6983 | D:8      | Reached skill level 5 in Unarmed Combat
  6983 | D:8      | Reached skill level 5 in Spellcasting
  6983 | D:8      | Reached skill level 5 in Evocations
  7400 | D:8      | Noticed Grum
  7416 | D:8      | Killed Grum
  7669 | D:8      | Found a runed translucent door.
  7670 | D:8      | Noticed arthad's ghost (novice DsFE)
  7688 | D:8      | Killed arthad's ghost
  8000 | D:9      | Found Koiqomet's Fire Supplies.
  8047 | D:9      | Bought a ring of protection from fire for 375 gold pieces
  8100 | D:9      | Found a hide-covered altar of Uskayaw.
  8120 | D:9      | Reached ***** piety under Trog
  8178 | D:9      | Found a shimmering altar of Xom.
  8244 | D:9      | Found Okys's Specific Store.
  8249 | D:9      | Found Xiatz's General Store.
  8302 | D:9      | Reached XP level 11. HP: 33/87 MP: 19/19
  8999 | D:9      | Reached skill level 5 in Conjurations
  8999 | D:9      | Reached skill level 5 in Hexes
  8999 | D:9      | Reached skill level 5 in Summonings
  8999 | D:9      | Reached skill level 5 in Necromancy
  8999 | D:9      | Reached skill level 5 in Translocations
  8999 | D:9      | Reached skill level 5 in Transmutations
  8999 | D:9      | Reached skill level 5 in Fire Magic
  8999 | D:9      | Reached skill level 5 in Ice Magic
  8999 | D:9      | Reached skill level 5 in Air Magic
  8999 | D:9      | Reached skill level 5 in Earth Magic
  8999 | D:9      | Reached skill level 5 in Poison Magic
  8999 | D:9      | Reached skill level 5 in Shapeshifting
  9140 | D:9      | Bought a potion of invisibility for 120 gold pieces
  9150 | D:10     | Entered Level 10 of the Dungeon
  9177 | D:10     | Found a basalt altar of Yredelemnul.
  9183 | D:10     | Noticed Maggie
  9190 | D:10     | Killed Maggie
  9305 | D:10     | Found a flagged portal.
  9315 | Bailey   | Entered a bailey
  9542 | Bailey   | Reached XP level 12. HP: 97/97 MP: 20/22
  9898 | D:10     | Noticed Fannar
  9906 | D:10     | Killed Fannar
  9981 | D:10     | Reached skill level 10 in Fighting
  9981 | D:10     | Reached skill level 10 in Axes
 10532 | D:10     | Noticed a fire giant
 10541 | D:10     | Killed from afar by a fire giant

Illustrated notes

Levels and vault maps discovered:
D:1:      ncdulo_smallfort, layout_basic, serial_forest,
          infiniplex_forest_lined_2, infiniplex_forest_lined_room_3,
          infiniplex_forest_end_1, infiniplex_forest_lined_room_3,
          infiniplex_forest_clump_double, infiniplex_forest_clump_small,
          infiniplex_forest_lined_room_2, infiniplex_forest_clump_medium,
          infiniplex_forest_lined_2, minmay_tetromino_o2
D:2:      layout_rooms, serial_corexii_hall, corexii_hall_statues_u,
          corexii_hall_statues_l, chequers_big_river, chequers_mini_garden,
          serial_bayou_lake_a
D:3:      cheibrodos_pilgrimage, layout_basic, uniq_terence
D:4:      layout_basic, amcnicky_altar_gilded,
          nicolae_kikubaaqudgha_miasma_corner, nicolae_wooded_promenade,
          nrook_uturn
D:5:      layout_loops_ring, corexii_shack, uniq_blork_the_orc
D:6:      layout_layer_cave, nicolae_sextant
D:7:      layout_loops_ring, nicolae_ru_awakened_eye,
          minmay_temple_entry_butterflies, chequers_jeans,
          reono_crystal_passage, corexii_leaking_fountain, kennysheep_doodads
D:8:      layout_basic, david_lair_generic, gammafunk_ghost_grave, uniq_grum
D:9:      layout_loops_ring, nicolae_uskayaw_murder_on_the_dancefloor,
          kennysheep_mini_moat, nicolae_shop_fire_sale [nicolae_sub_dead_trees],
          kennysheep_minor_cross, hangedman_abyss_or_decor_passed,
          nicolae_specific_store
D:10:     minmay_the_grid_plus [minmay_the_grid_x, minmay_the_grid_paths,
          minmay_the_grid_zigzag_pyramid, minmay_the_grid_spikes,
          minmay_the_grid_prize_diamond_cup], layout_irregular_city,
          general_overflow_altar, enter_bailey_7, uniq_fannar, uniq_maggie

Skill      XL: |  1  2  3  4  5  6  7  8  9 10 11 12 |
---------------+-------------------------------------+-----
Invocations    | 1 2 3 4 5 6 7 8 |  8.1
Short Blades   | 1 2 3 4 5 7 |  7.4
Long Blades    | 1 2 3 4 5 7 |  7.4
Maces & Flails | 1 2 3 4 5 7 |  7.4
Polearms       | 1 2 3 4 5 7 |  7.4
Staves         | 1 2 3 4 5 7 |  7.4
Ranged Weapons | 1 2 3 4 5 7 |  7.4
Throwing       | 1 2 3 4 5 7 |  7.4
Stealth        | 1 2 3 4 5 7 |  7.4
Shields        | 1 2 3 4 5 7 |  7.4
Unarmed Combat | 1 2 3 4 5 7 |  7.4
Spellcasting   | 1 2 3 4 5 7 |  7.4
Evocations     | 1 2 3 4 5 7 |  7.4
Conjurations   | 1 2 3 4 5 6 |  6.2
Hexes          | 1 2 3 4 5 6 |  6.2
Summonings     | 1 2 3 4 5 6 |  6.2
Necromancy     | 1 2 3 4 5 6 |  6.2
Translocations | 1 2 3 4 5 6 |  6.2
Transmutations | 1 2 3 4 5 6 |  6.2
Fire Magic     | 1 2 3 4 5 6 |  6.2
Ice Magic      | 1 2 3 4 5 6 |  6.2
Air Magic      | 1 2 3 4 5 6 |  6.2
Earth Magic    | 1 2 3 4 5 6 |  6.2
Poison Magic   | 1 2 3 4 5 6 |  6.2
Shapeshifting  | 1 2 3 4 5 6 |  6.2
Armour         | 5 6 7 8 |  8.8
Dodging        | 5 6 7 8 |  8.8
Fighting       | 7 8 9 10 | 10.0
Axes           | 7 8 9 10 | 10.0

Action                     |  1- 3 |  4- 6 |  7- 9 | 10-12 || total
---------------------------+-------+-------+-------+-------++-------
  Melee: Hand axe          |   141 |    19 |       |       ||   160
         Bite              |    13 |    14 |    16 |    16 ||    59
         Punch             |     2 |     6 |     3 |     3 ||    14
         War axe           |       |   141 |    13 |       ||   154
         Broad axe         |       |       |   122 |    34 ||   156
         Battleaxe         |       |       |    61 |   141 ||   202
  Throw: Dart              |       |       |       |    16 ||    16
 Invoke: Berserk           |       |     3 |     6 |     9 ||    18
         Trog's Hand       |       |     1 |     3 |     5 ||     9
         Brothers in Arms  |       |       |       |     2 ||     2
  Evoke: Wand              |       |       |       |     1 ||     1
    Use: Scroll            |       |       |    12 |    17 ||    29
         Potion            |       |       |       |     1 ||     1
   Stab: Sleeping          |     5 |     7 |     9 |     5 ||    26
         Distracted        |       |       |       |     1 ||     1
 Armour: Animal skin       |     5 |       |       |       ||     5
         Shadow dragon sca |    65 |   126 |   177 |   151 ||   519
         Crystal plate arm |       |       |       |    15 ||    15
  Dodge: Dodged            |    64 |    88 |   108 |   171 ||   431
  Block: Buckler           |       |       |       |     1 ||     1

Table legend: (Time is in decaauts)
 A = Elapsed time spent in this place.
 B = Non-inter-level travel time spent in this place.
 C = Inter-level travel time spent in this place.
 D = Time resting spent in this place.
 E = Time spent auto-exploring this place.
 F = Levels seen in this place.
 G = Mean time per level.
                   A        B        C        D        E       F      G
               +--------+--------+--------+--------+--------+-----+--------+
         Total |  10981 |  10388 |    593 |   1064 |   6971 |  11 |  998.3 |
       Dungeon |  10412 |   9819 |    593 |    834 |   6943 |  10 | 1041.2 |
        Bailey |    568 |    568 |      0 |    229 |     28 |   1 |  568.0 |
               +--------+--------+--------+--------+--------+-----+--------+

Top non-repeatable levels by time:
     D:6: 1504 daAuts
     D:9: 1370 daAuts
     D:7: 1094 daAuts
     D:4: 1042 daAuts
     D:8: 1041 daAuts
     D:2: 1011 daAuts
     D:1: 939 daAuts
     D:5: 852 daAuts
     D:3: 801 daAuts
    D:10: 755 daAuts
  Bailey: 568 daAuts
